 Dungeon Crawl Stone Soup version 0.31.0-32-g396128a36d (webtiles) character file.

Game seed: 15272655335129878093

382 monsoonserge the Ruffian (level 6, 0/39 HPs)
             Began as an Octopode Shapeshifter on Apr 8, 2024.
             Slain by an ogre
             ... wielding a +0 giant club
              (29 damage)
             ... on level 5 of the Dungeon.
             The game lasted 00:07:53 (3198 turns).

monsoonserge the Ruffian (Octopode Shapeshifter)    Turns: 3198, Time: 00:07:54

Health: 0/39       AC:  1    Str: 16    XL:     6   Next: 76%
Magic:  6/6        EV: 13    Int: 12    God:
Gold:   183        SH:  0    Dex: 11    Spells: 5/5 levels left

rFire   . .          .
                       - Unarmed
rCold   + . .        (no shield)
rNeg    . . .        (helmet currently unavailable)
rPois   .            (no amulet)
rElec   .            k - ring of protection from cold
rCorr   .            (no ring)
SInv    .            (no ring)
Will    .....        (no ring)
Stlth   +++          (no ring)
HPRegen 0.26/turn    (no ring)
MPRegen 0.10/turn    (no ring)
                     (no ring)

%: no passive effects
@: beast-form
A: beast (slay +2), almost no armour, amphibious, 8 rings, camouflage 1,
gelatinous body 1, (nimble swimmer 1), tentacles
a: Begin Untransformation


You were on level 5 of the Dungeon.
You were a hulking beast.
You visited 1 branch of the dungeon, and saw 5 of its levels.

You collected 183 gold pieces.

Inventory:

Missiles
 r - 3 poisoned darts (quivered)
 s - 5 curare-tipped darts
Jewellery
 k - a ring of protection from cold (left tentacle)
 n - a ring of fire
Talismans
 b - a beast talisman
 c - a flux talisman
Scrolls
 d - a scroll of enchant armour {unknown}
 e - 3 scrolls of teleportation {unknown}
 h - 4 scrolls of identify {unknown}
 m - a scroll of poison {unknown}
 p - a scroll of immolation {unknown}
 t - a scroll of amnesia {unknown}
Potions
 a - a potion of lignification
 f - 4 potions of curing {unknown}
 g - a potion of magic {unknown}
 i - 2 potions of cancellation {unknown}
 j - 2 potions of attraction {unknown}
 l - a potion of might {unknown}
 o - a potion of heal wounds
 q - 3 potions of enlightenment {unknown}


   Skills:
 - Level 2.0 Fighting
 - Level 1.0 Throwing
 - Level 2.0 Dodging
 - Level 2.0 Stealth
 + Level 6.5 Unarmed Combat
 - Level 3.5 Shapeshifting


You had 5 spell levels left.
You didn't know any spells.
Your spell library contained the following spells:

 Spells                   Type           Power      Damage    Failure   Level
 Slow                     Hex            0%         N/A       32%         1
 Lesser Beckoning         Tloc           0%         N/A       45%         2
 Mercury Vapours          Alch/Air       0%         N/A       45%         2
 Confusing Touch          Hex            0%         N/A       69%         3
 Gell's Gravitas          Tloc           0%         N/A       69%         3
 Mephitic Cloud           Conj/Alch/Air  0%         N/A       69%         3
 Sigil of Binding         Hex            0%         N/A       69%         3
 Teleport Other           Tloc           0%         N/A       69%         3
 Vampiric Draining        Necr           0%         2d6       69%         3
 Freezing Cloud           Conj/Ice/Air   0%         6-21      100%        5


Dungeon Overview and Level Annotations

Branches:
Dungeon (5/15)
 Temple: D:4-7

Altars:
Dithmenos


Innate Abilities, Weirdness & Mutations

You are a hulking beast.
Your limbs bulge with bestial killing power. (Slay +2)
You cannot wear most types of armour.
You are amphibious.
You can wear up to eight rings at the same time.
Your skin changes colour to match your surroundings (Stealth+).
Your rubbery body absorbs attacks. (AC +1, EV +1)
((You are camouflaged when in or above water. (Stealth+)))
You have tentacles for arms and can constrict up to eight enemies at once.


Message History

The gnoll is heavily wounded.
You constrict the gnoll. The gnoll barely misses you.
You bludgeon the gnoll!
You kill the gnoll!
Items here: )) ††.
There is a stone staircase leading up here.
You start resting.
HP restored.
Items here: )) ††.
An ogre comes into view. It is wielding a +0 giant club.
Found a scale mail.
A scorpion comes into view.
Found a runed fluorescent wand.
The ogre shouts!
Okay, then.
The scorpion attacks as it pursues you! The scorpion stings you!
You tentacle-slap the scorpion. You grab the scorpion.
You squeeze the scorpion!
The scorpion is heavily wounded.
You constrict the scorpion. The scorpion stings you.
You tentacle-slap the scorpion.
The scorpion is severely wounded.
You constrict the scorpion, but do no damage.
The scorpion closely misses you. The scorpion barely misses you.
You bludgeon the scorpion!
You kill the scorpion!
You tentacle-slap the ogre. Your squeeze misses the ogre.
The ogre is lightly wounded.
The ogre closely misses you.
You bludgeon the ogre!
The ogre is heavily wounded.
You tentacle-slap the ogre. You squeeze the ogre.
The ogre is severely wounded.
The ogre closely misses you.
You barely miss the ogre.
Your tentacle-slap misses the ogre.
You squeeze the ogre.
The ogre is almost dead.
The ogre hits you with a +0 giant club!!
Ouch! That really hurt!
You die...

#†#............
#.#............
#.#............
..#............
###............
#............
#..........[.
#########../.........
.......hO......##...
################ .#


You could see an ogre.

Vanquished Creatures
  2 scorpions
  A howler monkey (D:4)
  An orc wizard (D:4)
  An iguana (D:4)
  5 gnolls
  2 adders
  A dart slug (D:1)
  3 ribbon worms
  10 orcs
  6 endoplasms
  4 giant cockroaches
  7 goblins
  7 hobgoblins
  6 jackals (D:1)
  6 quokkas
  6 ball pythons
  7 bats
  4 frilled lizards
  7 kobolds
  7 rats
93 creatures vanquished.

Notes
Turn   | Place    | Note
-------+----------+-------------------------------------------
     0 | D:1      | monsoonserge the Octopode Shapeshifter began the quest for
                  | the Orb.
     0 | D:1      | Reached XP level 1. HP: 13/13 MP: 1/1
    67 | D:1      | Reached skill level 1 in Stealth
    67 | D:1      | Reached XP level 2. HP: 16/18 MP: 2/2
   137 | D:1      | Found a faded altar of an unknown god.
   277 | D:1      | Reached XP level 3. HP: 19/23 MP: 3/3
  1038 | D:2      | Reached XP level 4. HP: 10/29 MP: 4/4
  1766 | D:3      | Reached skill level 4 in Unarmed Combat
  1796 | D:3      | Reached XP level 5. HP: 26/34 MP: 5/5
  2290 | D:4      | Reached skill level 5 in Unarmed Combat
  2838 | D:4      | Found a shadowy altar of Dithmenos.
  2858 | D:4      | Reached skill level 1 in Throwing
  2911 | D:4      | Reached XP level 6. HP: 28/39 MP: 6/6
  3037 | D:4      | Reached skill level 6 in Unarmed Combat
  3065 | D:5      | Entered Level 5 of the Dungeon
  3198 | D:5      | Slain by an ogre

Illustrated notes

Levels and vault maps discovered:
D:1:      zaba_arrival_water, layout_basic, hellmonk_ecumenical_altar_zigzags
D:2:      layout_loops_ring
D:3:      layout_loops_corners, eino_tiny_chamber, minivault_14,
          ebering_dispersal_statue_hall, minivault_26, st_stairs_2,
          minmay_increasing_density
D:4:      layout_rooms, nicolae_dithmenos_the_darkroom,
          nicolae_inconvenience_store, kennysheep_nub, dreamdust_wishing_well,
          serial_bayou_pond_d, minmay_tree_intersection,
          nicolae_elevator_lobby_plus, uniq_grinder
D:5:      cheibrodos_helix_gallery, layout_basic,
          nemelex_xobeh_ov_fountains_minmay, minmay_temple_entry_slanted,
          minmay_misc_feat_tower

Skill      XL: |  1  2  3  4  5  6 |
---------------+-------------------+-----
Stealth        | 1 2 |  2.0
Fighting       | 2 |  2.0
Unarmed Combat | 4 5 6 |  6.5
Throwing       | 1 |  1.0
Dodging        | |  2.0
Shapeshifting  | |  3.5

Action                     |  1- 3 |  4- 6 || total
---------------------------+-------+-------++-------
  Melee: Unarmed           |    75 |   109 ||   184
         Constrict         |    19 |    28 ||    47
         Tentacles         |     9 |    24 ||    33
         Punch             |     1 |     3 ||     4
  Throw: Dart              |       |     6 ||     6
    Use: Potion            |       |     1 ||     1
   Stab: Sleeping          |    12 |    10 ||    22
         Distracted        |       |     1 ||     1
 Armour: Skin              |    26 |    49 ||    75
  Dodge: Dodged            |    46 |    62 ||   108
